 Dungeon Crawl Stone Soup version 0.26-a0-670-g578ab304f5 (webtiles) character file.

Game seed: 9536385076810765637

(classic levelgen) 17875 EnegeticOcto the Carver (level 12, -15/80 HPs)
             Began as a Halfling Earth Elementalist on Oct 19, 2020.
             Was the Champion of Ru.
             Engulfed by a cloud of flame (17 damage)
             ... on level 2 of the Snake Pit.
             The game lasted 01:29:33 (9823 turns).

EnegeticOcto the Carver (HaEE)                      Turns: 9823, Time: 01:29:34

Health: -15/80     AC: 14    Str: 12    XL:     12   Next: 88%
Magic:  2/16       EV: 14    Int: 26    God:    Ru [******]
Gold:   181        SH: 10    Dex: 19    Spells: 2/15 levels left

rFire    . . .     SeeInvis .   t - +8 scimitar (freeze)
rCold    . . .     Faith    .   v - +0 kite shield
rNeg     . . .     Spirit   .   R - +4 troll leather armour
rPois    +         Reflect  .   d - +2 helmet {Int+3}
rElec    .         Harm     .   l - +0 cloak {Stlth+}
rCorr    .         Rampage  .   Q - +0 pair of gloves {Dex+3}
MR       +....                  G - +0 pair of boots "Gopiet" {rPois Str+3 Stlth+}
Stlth    ..........             m - amulet of magic regeneration
HPRegen  0.63/turn              X - +6 ring of intelligence
MPRegen  0.40/turn              Y - ring "Plog" {Wiz MR+ Slay+2}

@: exhausted, no potions, very slightly contaminated, drained
A: small, high mp 1, mutation resistance 1, inability to drink while threatened,
no stealth, inability to train armour, unskilled 1, inexperienced 1
a: Draw Out Power, Power Leap, Apocalypse, Renounce Religion


You were on level 2 of the Snake Pit.
You worshipped Ru.
Ru was exalted by your worship.
You visited 4 branches of the dungeon, and saw 19 of its levels.
You also visited: Sewer, Bailey and Volcano.

You collected 2109 gold pieces.
You spent 1928 gold pieces at shops.

Inventory:

Hand Weapons
 a - a +5 short sword of protection
 j - the +11 hunting sling of Wariness {flame, rPois rC+ Int+2, unknown}
   (You found it on level 2 of the Lair of Beasts)

   It causes projectiles fired from it to burn those they strike, causing extra
   injury to most foes and up to half again as much damage against particularly
   susceptible opponents.
   It affects your intelligence (+2).
   It protects you from cold.
   It protects you from poison.
 k - a +4 quarterstaff of chaos
 t - a +8 scimitar of freezing (weapon)
 F - a +1 dagger of flaming
Missiles
 x - 166 stones
 y - 17 poisoned darts (quivered)
 M - 14 throwing nets {!f}
Armour
 d - a +2 helmet of intelligence (worn)
 l - a +0 cloak of stealth (worn)
 r - the +2 ring mail of Dishonour {rC+, unknown}
   (You found it on level 2 of the Snake Pit)

   It protects you from cold.
 v - a +0 kite shield (worn)
 G - the +0 pair of boots "Gopiet" (worn) {rPois Str+3 Stlth+}
   (You bought it in a shop on level 2 of the Orcish Mines)

   It affects your strength (+3).
   It protects you from poison.
   It makes you more stealthy.
 Q - a +0 pair of gloves of dexterity (worn)
 R - a +4 troll leather armour (worn)
Jewellery
 e - an uncursed amulet of regeneration
 m - an amulet of magic regeneration (around neck)
 n - an uncursed amulet of guardian spirit
 S - an uncursed ring of protection from cold
 T - the ring of Yresil {+Blink rF- rC++ Str+3 Int+6}
   (You found it on level 8 of the Dungeon)

   [ring of intelligence]

   It affects your strength (+3).
   It affects your intelligence (+6).
   It makes you vulnerable to fire.
   It greatly protects you from cold.
   It lets you blink.
 X - a +6 ring of intelligence (left hand)
 Y - the ring "Plog" (right hand) {Wiz MR+ Slay+2}
   (You found it on level 8 of the Dungeon)

   [ring of wizardry]

   It improves your spell success rate.
   It affects your accuracy and damage with ranged weapons and melee attacks
   (+2).
   It affects your resistance to hostile enchantments.
Wands
 s - a wand of random effects (26)
 H - a wand of flame (66) {@v4}
 L - a wand of polymorph (3)
 P - a wand of digging (11) {@v3}
Scrolls
 f - 3 scrolls of fear {!r}
 g - a scroll of silence
 i - 5 scrolls of magic mapping {@r5 !r}
 u - 5 scrolls of teleportation {@r3 !r}
 w - 3 scrolls of immolation
 E - 4 scrolls of fog {!r}
Potions
 b - a potion of might {@q3 !q}
 h - 2 potions of mutation
 o - 3 potions of lignification {@q6}
 p - 2 potions of flight
 q - 4 potions of brilliance
 z - 4 potions of curing {@q1 !q}
 A - 2 potions of haste {@q4 !q}
 C - a potion of cancellation
 I - a potion of magic
 K - 2 potions of heal wounds {@q2 !q}
 U - 3 potions of resistance
 Z - a potion of experience {unknown}
Miscellaneous
 c - a condenser vane (inert)
 O - a box of beasts (inert)
 W - a phial of floods


   Skills:
 + Level 6.9(6.2) Fighting
 - Level 9.4(12.8) Short Blades
 + Level 13.6(13.4) Long Blades
 - Level 4.5(3.8) Dodging
 + Level 7.0(6.2) Shields
 - Level 2.0(1.3) Spellcasting
 - Level 1.7(1.1) Conjurations
 + Level 7.3(6.5) Translocations
 - Level 0.4(0.0) Transmutations
 - Level 8.0(7.2) Earth Magic
 + Level 5.4(4.7) Evocations


You had 2 spell levels left.
You knew the following spells:

 Your Spells              Type           Power        Failure   Level
a - Apportation           Tloc           #####.       1%          1
b - Stone Arrow           Conj/Erth      ###...       12%         3
c - Passage of Golubria   Tloc           N/A          16%         4
d - Sandblast             Erth           #####.       1%          1
p - Passwall              Tmut/Erth      ###.....     9%          2
Y - Blink                 Tloc           N/A          2%          2

Your spell library contained the following spells:

 Spells                   Type           Power        Failure   Level
 Animate Skeleton         Necr           #.....       22%         1
 Corona                   Hex            #......      22%         1
 Summon Small Mammal      Summ           #...         22%         1
 Call Imp                 Summ           #.......     32%         2
 Corpse Rot               Necr/Air       N/A          32%         2
 Gell's Gravitas          Tloc           #####.....   4%          3
 Lesser Beckoning         Tloc           #####.....   4%          3
 Teleport Other           Tloc           #####...     4%          3
 Lee's Rapid Deconstruct  Erth           #####.....   32%         5
 Petrify                  Tmut/Erth      ###.....     45%         4
 Summon Guardian Golem    Hex/Summ       #.......     52%         3
 Vampiric Draining        Necr           #.........   52%         3
 Dispel Undead            Necr           #.......     89%         4
 Summon Ice Beast         Ice/Summ       #.......     89%         4
 Silence                  Hex/Air        #.........   99%         5
 Summon Mana Viper        Hex/Summ       #.......     99%         5
 Freezing Cloud           Conj/Ice/Air   #.........   100%        6


Dungeon Overview and Level Annotations

Branches:
Dungeon (12/15)            Temple (0/1) D:5            Lair (3/6) D:11
  Snake (2/4) Lair:2          Orc (2/2) D:12            Elf (0/3) Orc:2
  Sewer (visited)          Bailey (visited)         Volcano (visited)
  Swamp: Lair:2-4    Shoals: Lair:2-4

Altars:
Cheibriados
Fedhas
Hepliaklqana
Kikubaaqudgha
Nemelex Xobeh
Ru
Vehumet
Yredelemnul
Zin
Beogh

Shops:
D:5 ?   D:6 [   D:8 :   D:11 [   Orc:2 ?([(!

Annotations:
D:5 1 transporter, Menkaure
D:6 2 transporters, anet's ghost, novice HaCj
D:9 exclusion: ice statue


Innate Abilities, Weirdness & Mutations

You are small and have problems with some larger weapons.
You are somewhat resistant to further mutation.
You cannot drink potions while threatened.
You cannot be stealthy.
You cannot train Armour skill.
You are somewhat unskilled. (-1 Apt)
You are somewhat inexperienced. (-2 XL)
You have an increased reservoir of magic. (+10% MP)


Message History

The naga warrior begins to attack, but is stunned by your will!
You reveal the great annihilating truth to your foes!
The naga warrior is paralysed by terrible understanding!
The salamander is paralysed by terrible understanding!
You kill the salamander!
The salamander is paralysed by terrible understanding! x2
The salamander mystic slows down under the weight of truth!
You feel drained.
You hear a shout! x2; You hear an angry hiss. x2; You hear a shout!
You hear an angry hiss. x2; You hear a shout!
You hear an angry hiss. x5
You hear a shout!
You hear an angry hiss.
You hear a shout!
You hear an angry hiss.
You hear a shout! x2; You hear an angry hiss.
You hear a shout! x5
The helpless naga warrior fails to defend itself.
You open the naga warrior like a pillowcase!!!
You freeze the naga warrior!
The naga warrior is almost dead.
A black mamba comes into view.
A salamander comes into view.
The helpless naga warrior fails to defend itself.
You hit the naga warrior. You freeze the naga warrior.
The naga warrior is almost dead.
The salamander is stunned by your will and fails to attack.
The helpless naga warrior fails to defend itself.
You slash the naga warrior! You freeze the naga warrior.
You kill the naga warrior!
You redirect the salamander mystic's attack!
The helpless salamander fails to defend itself.
You slash the salamander! You freeze the salamander!
You kill the salamander!
The salamander mystic gestures at you while chanting.
The bolt of magma hits you!!
You feel threatened and lose the ability to drink potions!
There's nothing to close nearby.
Evoke which item? (* to show all) (? for menu, Esc to quit)
Clouds of flame condense around you!
The condenser dries out!
The black mamba is engulfed in blazing flames. x2
You block the black mamba's attack.
There's nothing to close nearby.
Casting: Passage of Golubria (dangerous; 19% risk of failure)
Confirm with . or Enter, or press ? or * to list all spells.
Press: ? - help, Shift-Dir - straight line, f - salamander mystic
Aim: a salamander mystic, wielding a -1 quarterstaff and wearing a +0 robe (flame, almost dead, slow)
You miscast Stone Arrow.
You are very lightly contaminated with residual magic.
Nothing appears to happen.
The black mamba is engulfed in blazing flames.
The black mamba bites you!
You focus your will and blind the black mamba in retribution!
The black mamba is engulfed in blazing flames.
The black mamba closely misses you.
Casting: Stone Arrow (dangerous; 16% risk of failure)
Confirm with . or Enter, or press ? or * to list all spells.
Aiming: Stone Arrow (dangerous; 16% risk of failure)
Press: ? - help, Shift-Dir - straight line, f/p - salamander mystic
Aim: a salamander mystic, wielding a -1 quarterstaff and wearing a +0 robe (flame, almost dead, slow)
You miscast Stone Arrow.
Nothing appears to happen.
The black mamba is engulfed in blazing flames.
The black mamba bites you but does no damage.
The black mamba is engulfed in blazing flames.
You block the black mamba's attack. The salamander mystic misses you.
You hear a snapping sound.
Casting: Stone Arrow (dangerous; 16% risk of failure)
Confirm with . or Enter, or press ? or * to list all spells.
Aiming: Sandblast (safe; 1% risk of failure)
Press: ? - help, Shift-Dir - straight line, f/p - salamander mystic
Aim: a salamander mystic, wielding a -1 quarterstaff and wearing a +0 robe (flame, almost dead, slow)
The blast of sand hits the salamander mystic but does no damage.
The salamander mystic is almost dead.
x - 166 stones The salamander is stunned by your will and fails to attack.
The black mamba is engulfed in blazing flames.
You kill the black mamba!
You hit the salamander mystic but do no damage.
The salamander mystic is almost dead.
The salamander wields a +0 shortbow of flaming.
It bursts into flame!
The salamander shoots an arrow.
The arrow hits you!
* * * LOW HITPOINT WARNING * * *
The arrow burns you.
* * * LOW HITPOINT WARNING * * *
The salamander mystic casts a spell at the salamander.
The salamander seems to speed up.
You slash the salamander mystic! You freeze the salamander mystic.
You kill the salamander mystic!
Your base Shields skill increases to level 7!
The salamander shoots an arrow.
You block the arrow.
The salamander is no longer paralysed.
This passage doesn't lead anywhere!
The salamander is no longer paralysed.
The salamander shoots an arrow.
You block the arrow.
There is a passage of Golubria here.
You see here an arrow.
Casting: Sandblast (safe; 1% risk of failure)
Confirm with . or Enter, or press ? or * to list all spells.
Press: ? - help, Dir - move target cursor The salamander shoots an arrow.
The arrow hits you!
* * * LOW HITPOINT WARNING * * *
The arrow burns you.
* * * LOW HITPOINT WARNING * * *
You enter the passage of Golubria.
You are engulfed in blazing flames.
You die...

## ##############.###
.............<§§..
...........§§§..
....§§§.§§§§§..
#.§§§.○§§☼§). #.@§°N§N§..#
#### #....N).## #...####
#..§.##.#
##......#####..### #
#...............####
#..................#.###
.......................#
................^..>...####
......................<...#


You could see 3 salamanders.

Vanquished Creatures
  Kirke (Snake:1)
  Snorg (D:11)
  3 naga warriors (Snake:2)
  A hydra (D:8)
  2 anacondas (Snake:2)
  A boulder beetle (D:12)
  2 two-headed ogres
  3 naga sharpshooters (Snake:2)
  6 orc high priests (Orc:2)
  A skeletal warrior (Volcano)
  A salamander mystic (Snake:2)
  3 mana vipers
  2 ugly things
  A manticore (D:10)
  3 salamanders
  A cyclops (Orc:2)
  6 black mambas
  3 cane toads (Lair:2)
  A guardian serpent (Snake:2)
  2 naga magi
  3 gargoyles
  A centaur skeleton (D:11)
  4 trolls
  Grinder (D:5)
  A raiju (D:11)
  2 flying skulls (Volcano)
  3 wraiths
  An alligator skeleton (Volcano)
  25 yaks
  6 hogs (Snake:1)
  2 steam dragons (D:11)
  17 nagas
  5 wargs (Orc:2)
  2 hell hounds (Orc:2)
  5 water moccasins
  A swamp drake (D:12)
  4 black bears
  11 orc warriors
  A sky beast (D:10)
  An ice beast (D:11)
  10 ogres
  An eye of draining (D:9)
  5 centaurs
  6 big kobolds
  5 bullfrogs
  8 gnoll sergeants (Bailey)
  2 wyvern skeletons
  6 scorpions
  18 killer bees
  4 wights (D:8)
  A troll skeleton (Volcano)
  5 howler monkeys
  A bullfrog zombie (D:8)
  A centaur zombie (D:8)
  6 hounds
  2 jellies
  34 orc priests
  An iron imp (D:9)
  9 orc wizards
  Crazy Yiuf (D:2)
  3 bullfrog skeletons
  7 iguanas
  6 gnoll shamans (Bailey)
  Natasha (twice) (D:2)
  5 worker ants
  A naga skeleton (Volcano)
  2 hound zombies
  2 worker ant zombies (D:7)
  17 gnolls
  16 adders
  2 river rats
  A shadow imp (D:10)
  3 white imps
  A worker ant simulacrum (D:10)
  2 ufetubi
  2 oozes
  An adder skeleton (D:3)
  9 worms
  4 dart slugs
  2 leopard geckos
  74 orcs
  9 ball pythons
  3 bats
  4 giant cockroaches
  6 goblins
  4 hobgoblins
  14 jackals
  2 quokkas
  3 frilled lizards
  A jackal skeleton (D:6)
  7 kobolds
  A quokka skeleton (D:6)
  12 rats
494 creatures vanquished.

Vanquished Creatures (collateral kills)
  Rupert (Snake:1)
  Harold (D:7)
  An orc high priest (Orc:2)
  A mana viper (Snake:2)
  A hornet (D:10)
  2 wargs (Orc:2)
  A bullfrog (D:7)
  A killer bee (D:9)
  An orc priest (Orc:2)
  2 orcs (Orc:2)
12 creatures vanquished.

Vanquished Creatures (others)
  A naga mage (Snake:2)
  2 gargoyles
  A yak (D:10)
  A bullfrog (D:8)
  An iguana (D:9)
  An orc (D:12)
  4 fungi
  2 plants
13 creatures vanquished.

Grand Total: 519 creatures vanquished

Notes
Turn   | Place    | Note
-------+----------+-------------------------------------------
     0 | D:1      | EnegeticOcto the Halfling Earth Elementalist began the
                  | quest for the Orb.
     0 | D:1      | Reached XP level 1. HP: 11/11 MP: 3/3
   128 | D:2      | Found a sacrificial altar of Ru.
   130 | D:2      | Became a worshipper of Ru the Awakened
   143 | D:2      | Reached XP level 2. HP: 17/17 MP: 2/4
   298 | D:2      | Noticed Natasha
   528 | D:2      | Reached skill level 4 in Earth Magic
   528 | D:2      | Reached XP level 3. HP: 14/21 MP: 1/5
   616 | D:2      | Reached XP level 4. HP: 6/27 MP: 0/6
   806 | D:3      | Learned a level 2 spell: Passwall
   810 | D:3      | Learned a level 3 spell: Stone Arrow
   841 | D:3      | Found a blossoming altar of Fedhas.
   953 | D:3      | HP: 1/27 [orc/+4 short sword of protection (3)]
   958 | D:3      | Reached skill level 5 in Earth Magic
  1057 | D:3      | Noticed an ogre
  1079 | D:3      | Reached XP level 5. HP: 5/31 MP: 4/7
  1083 | D:3      | Gained mutation: You cannot train Armour skill. [Ru
                  | sacrifice]
  1083 | D:3      | Reached * piety under Ru
  1219 | D:2      | Killed Natasha
  1219 | D:2      | Reached skill level 1 in Conjurations
  1294 | D:2      | Noticed Natasha
  1306 | D:2      | Killed Natasha
  1337 | D:2      | Found a runed translucent door.
  1338 | D:2      | Noticed Crazy Yiuf
  1347 | D:2      | Killed Crazy Yiuf
  1489 | D:3      | Reached XP level 6. HP: 36/36 MP: 8/8
  1573 | D:4      | Reached skill level 1 in Short Blades
  1573 | D:4      | Reached skill level 2 in Conjurations
  1574 | D:4      | Found a glowing drain.
  1584 | D:4      | Noticed an ogre
  1590 | D:4      | Killed an ogre
  1590 | D:4      | Reached skill level 2 in Short Blades
  1590 | D:4      | Reached skill level 6 in Earth Magic
  1600 | D:4      | Reached skill level 3 in Short Blades
  1645 | D:4      | Reached XP level 7. HP: 22/41 MP: 9/9
  1670 | D:4      | Reached skill level 4 in Short Blades
  1670 | D:4      | Reached skill level 1 in Fighting
  1685 | D:4      | HP: 1/43 [ogre/+0 giant club (28)]
  1687 | D:4      | Reached skill level 2 in Fighting
  1831 | Sewer    | Entered a sewer
  1878 | Sewer    | Reached skill level 3 in Dodging
  2025 | Sewer    | Reached XP level 8. HP: 50/50 MP: 10/10
  2087 | Sewer    | Reached skill level 4 in Dodging
  2121 | Sewer    | Reached skill level 7 in Earth Magic
  2332 | D:4      | Reached skill level 5 in Dodging
  2398 | D:5      | Entered Level 5 of the Dungeon
  2403 | D:5      | Gained mutation: You are somewhat unskilled. (-1 Apt) [Ru
                  | sacrifice]
  2403 | D:5      | Reduced skill Fighting to level 1
  2403 | D:5      | Reduced skill Short Blades to level 3
  2403 | D:5      | Reduced skill Dodging to level 4
  2403 | D:5      | Reduced skill Conjurations to level 1
  2403 | D:5      | Reduced skill Earth Magic to level 6
  2403 | D:5      | Reached ** piety under Ru
  2403 | D:5      | Reached *** piety under Ru
  2432 | D:5      | Found an ancient bone altar of Kikubaaqudgha.
  2432 | D:5      | Noticed Menkaure
  2433 | D:5      | Found a basalt altar of Yredelemnul.
  2448 | D:5      | Noticed a vampire
  2449 | D:5      | Found a transporter.
  2568 | D:5      | Found a staircase to the Ecumenical Temple.
  2571 | D:5      | Noticed Grinder
  2596 | D:5      | Killed Grinder
  2596 | D:5      | Reached skill level 7 in Earth Magic
  2654 | D:5      | Found Lohut's Magic Scroll Shoppe.
  2657 | D:5      | Bought a scroll of identify for 28 gold pieces
  2657 | D:5      | Bought a scroll of immolation for 49 gold pieces
  2657 | D:5      | Bought a scroll of summoning for 133 gold pieces
  2657 | D:5      | Bought a scroll of magic mapping for 49 gold pieces
  2789 | D:6      | Reached skill level 2 in Fighting
  2789 | D:6      | Reached skill level 1 in Shields
  2789 | D:6      | Reached XP level 9. HP: 43/54 MP: 8/11
  2831 | D:6      | Found a transporter.
  2834 | D:6      | Noticed anet's ghost (novice HaCj)
  2846 | D:6      | Identified the cursed +3 dire flail "Gram" {holy, *Contam
                  | rElec rN++}
  2846 | D:6      | Noticed a two-headed ogre
  2849 | D:6      | Found a transporter.
  2881 | D:6      | Found a hazy altar of Hepliaklqana.
  2931 | D:7      | Reached skill level 4 in Short Blades
  2967 | D:7      | Reached skill level 2 in Shields
  3029 | D:7      | Noticed Harold
  3104 | D:7      | Reached skill level 3 in Fighting
  3104 | D:7      | Reached skill level 8 in Earth Magic
  3208 | D:6      | Reached skill level 3 in Shields
  3217 | D:6      | Reached skill level 5 in Short Blades
  3238 | D:6      | Found Fiaqintimog's Armour Shop.
  3491 | D:8      | Gained mutation: You cannot drink potions while threatened.
                  | [Ru sacrifice]
  3491 | D:8      | Reached **** piety under Ru
  3587 | D:8      | Noticed a two-headed ogre
  3792 | D:7      | Killed Harold
  3792 | D:7      | Reached skill level 5 in Fighting
  3792 | D:7      | Reached skill level 6 in Short Blades
  3792 | D:7      | Reached skill level 4 in Shields
  3792 | D:7      | Reached XP level 10. HP: 59/66 MP: 5/12
  3812 | D:7      | Found a radiant altar of Vehumet.
  3998 | D:8      | Noticed a skeletal warrior
  4008 | D:8      | Noticed a six-headed hydra
  4071 | D:9      | Found a flagged portal.
  4085 | Bailey   | Entered a bailey
  4103 | Bailey   | Reached skill level 7 in Short Blades
  4812 | Bailey   | Reached skill level 6 in Fighting
  4902 | D:9      | Gained mutation: You have an increased reservoir of magic.
                  | (+10% MP) [potion of mutation]
  4940 | D:10     | Entered Level 10 of the Dungeon
  4943 | D:10     | Reached skill level 1 in Evocations
  5091 | D:9      | Reached skill level 8 in Short Blades
  5217 | D:9      | Reached skill level 2 in Evocations
  5279 | D:9      | Found a glowing silver altar of Zin.
  5435 | D:9      | Reached skill level 5 in Shields
  5468 | D:9      | Found a sparkling altar of Nemelex Xobeh.
  5583 | D:8      | Reached XP level 11. HP: 59/72 MP: 11/14
  5608 | D:8      | Reached skill level 3 in Evocations
  5611 | D:8      | Gained mutation: You cannot be stealthy. [Ru sacrifice]
  5611 | D:8      | Reduced skill Stealth to level 0
  5611 | D:8      | Reached ***** piety under Ru
  5791 | D:8      | Noticed a purple ugly thing
  5821 | D:8      | Killed a purple ugly thing
  5821 | D:8      | Reached skill level 9 in Short Blades
  5833 | D:8      | Reached skill level 4 in Evocations
  6058 | D:8      | Reached skill level 1 in Long Blades
  6122 | D:8      | Reached skill level 2 in Long Blades
  6129 | D:8      | Got a transparent golden ring
  6150 | D:8      | Identified Sif Muna's Reference Book on Aerial Summoning
  6154 | D:8      | Got a sparkling turquoise ring
  6156 | D:8      | Identified the ring "Plog" {Wiz MR+ Slay+2} (You found it
                  | on level 8 of the Dungeon)
  6158 | D:8      | Identified the ring of Yresil {+Blink rF- rC++ Str+3 Int+6}
                  | (You found it on level 8 of the Dungeon)
  6326 | D:8      | Found Qoceib's Book Emporium.
  6331 | D:8      | Bought a book of Cantrips for 200 gold pieces
  6333 | D:8      | Learned a level 1 spell: Apportation
  6351 | D:8      | Killed a two-headed ogre
  6351 | D:8      | Reached skill level 3 in Long Blades
  6351 | D:8      | Reached skill level 1 in Translocations
  6351 | D:8      | Killed a six-headed hydra
  6351 | D:8      | Reached skill level 4 in Long Blades
  6351 | D:8      | Reached skill level 2 in Translocations
  6724 | D:9      | Found a snail-covered altar of Cheibriados.
  6797 | D:8      | Bought a book of Spatial Translocations for 650 gold pieces
  6802 | D:8      | Learned a level 4 spell: Passage of Golubria
  6849 | D:11     | Noticed an unseen horror
  6859 | D:11     | Found Gaaqidgh's Armour Emporium.
  6875 | D:11     | Noticed a two-headed ogre
  6966 | D:10     | Reached skill level 3 in Translocations
  6999 | D:10     | Noticed a manticore
  7033 | D:9      | Reached skill level 5 in Long Blades
  7073 | D:9      | Reached XP level 12. HP: 67/79 MP: 8/15
  7074 | D:9      | Reached skill level 6 in Long Blades
  7074 | D:9      | Reached skill level 4 in Translocations
  7319 | D:10     | Reached skill level 7 in Long Blades
  7354 | D:10     | Reached skill level 5 in Translocations
  7520 | D:11     | Found a staircase to the Lair.
  7585 | D:11     | Noticed Snorg
  7651 | D:11     | Killed a two-headed ogre
  7651 | D:11     | Reached skill level 8 in Long Blades
  7654 | D:11     | Killed Snorg
  7764 | D:12     | Reached skill level 6 in Translocations
  7849 | D:12     | Found a staircase to the Orcish Mines.
  7878 | Orc:1    | Entered Level 1 of the Orcish Mines
  7962 | Orc:1    | Found a roughly hewn altar of Beogh.
  8034 | Orc:2    | Entered Level 2 of the Orcish Mines
  8089 | Orc:2    | Noticed an orc high priest
  8092 | Orc:2    | Noticed an orc high priest
  8093 | Orc:2    | Reached skill level 2 in Spellcasting
  8093 | Orc:2    | Killed an orc high priest
  8093 | Orc:2    | Reached skill level 9 in Long Blades
  8093 | Orc:2    | Killed an orc high priest
  8111 | Orc:2    | Noticed an orc high priest
  8119 | Orc:2    | Killed an orc high priest
  8119 | Orc:2    | Reached XP level 13. HP: 43/83 MP: 17/17
  8169 | Orc:2    | Reached skill level 10 in Long Blades
  8283 | Orc:2    | Found Ekeuth Fire's Weapon Shop.
  8283 | Orc:2    | Found Oluofa's Distillery.
  8303 | Orc:2    | Bought a potion of cancellation for 104 gold pieces
  8303 | Orc:2    | Bought a potion of haste for 130 gold pieces
  8347 | Orc:2    | Found a roughly hewn altar of Beogh.
  8364 | Orc:2    | Found Wipeosus's Magic Scroll Shop.
  8364 | Orc:2    | Found Fan Vid's Weapon Shoppe.
  8422 | Orc:2    | Bought a scroll of enchant armour for 105 gold pieces
  8422 | Orc:2    | Bought a scroll of magic mapping for 49 gold pieces
  8422 | Orc:2    | Bought a scroll of teleportation for 42 gold pieces
  8465 | Orc:2    | Reached skill level 11 in Long Blades
  8499 | Orc:2    | Found Boibyedei's Antique Armour Shoppe.
  8510 | Orc:2    | Bought a pair of dazzling boots for 228 gold pieces
  8513 | Orc:2    | Identified the +0 pair of boots "Gopiet" {rPois Str+3
                  | Stlth+} (You bought it in a shop on level 2 of the Orcish
                  | Mines)
  8558 | Orc:2    | Found a staircase to the Elven Halls.
  8632 | Orc:2    | Found a dark tunnel.
  8638 | Volcano  | Entered a volcano
  8994 | D:12     | Noticed a boulder beetle
  9014 | D:12     | Killed a boulder beetle
  9014 | D:12     | Reached skill level 12 in Long Blades
  9027 | D:12     | Learned a level 2 spell: Blink
  9117 | D:6      | Bought a +0 helmet of intelligence for 161 gold pieces
  9204 | Lair:1   | Entered Level 1 of the Lair of Beasts
  9249 | Lair:2   | Got an encrusted hunting sling
  9257 | Lair:2   | Identified the Volume of the Birds and Sinister Magic
  9370 | Lair:2   | Found a staircase to the Snake Pit.
  9439 | Snake:1  | Entered Level 1 of the Snake Pit
  9440 | Snake:1  | Noticed Kirke
  9447 | Snake:1  | Reached skill level 13 in Long Blades
  9454 | Snake:1  | Killed Kirke
  9460 | Snake:1  | Reached XP level 14. HP: 80/90 MP: 10/18
  9526 | Snake:1  | Noticed Rupert
  9527 | Snake:1  | Paralysed by Rupert for 4 turns
  9536 | Snake:1  | Killed Rupert
  9536 | Snake:1  | Reached skill level 6 in Shields
  9538 | Snake:1  | You fall into a shaft and drop 1 floor!
  9603 | Snake:2  | Got a warped ring mail
  9668 | Snake:2  | Reached skill level 5 in Evocations
  9718 | Snake:2  | Reached skill level 7 in Translocations
  9755 | Snake:2  | Gained mutation: You are somewhat inexperienced. (-2 XL)
                  | [Ru sacrifice]
  9755 | Snake:2  | Reached XP level 13. HP: 30/85 MP: 17/17
  9755 | Snake:2  | Reached XP level 12. HP: 30/80 MP: 16/16
  9755 | Snake:2  | Reached ****** piety under Ru
  9800 | Snake:2  | Noticed a naga warrior
  9804 | Snake:2  | Noticed a salamander mystic
  9812 | Snake:2  | Killed a naga warrior
  9819 | Snake:2  | Killed a salamander mystic
  9819 | Snake:2  | Reached skill level 7 in Shields
  9822 | Snake:2  | HP: 2/80 [salamander/arrow (3)]
  9823 | Snake:2  | Engulfed by a cloud of flame

Illustrated notes

Levels and vault maps discovered:
D:1:      dpeg_arrival_ratfight, layout_loops_ring, grunt_decor_fettered,
          hangedman_decor_clover_reticule
D:2:      layout_rooms, tso_altar, overflow_temple_1_default,
          uniq_crazy_yiuf_cottage, uniq_natasha
D:3:      layout_basic, old_standard_altar, lemuel_blue_sif_altar
D:4:      layout_basic, portal_sewer_entry_a
D:5:      layout_gridville, nicolae_xom_altar_mimics,
          gammafunk_temple_of_torment, minmay_temple_entry_slanted,
          serial_shops, kennysheep_mini_moat, uniq_grinder
D:6:      layout_loops_ring, lemuel_round_altar, overflow_temple_1_default,
          gammafunk_ghost_smash, serial_shops, nicolae_shop_stone,
          hangedman_abyss_or_decor_passed
D:7:      layout_basic, vehumet_altar_wand_db, uniq_harold
D:8:      minmay_the_grid_octo_tiled_octocenter [minmay_the_grid_octo_77,
          minmay_the_grid_octo_focus, minmay_the_grid_octo_pinwheel,
          minmay_the_grid_octo_teeth, minmay_the_grid_octo_prize_single_spiral,
          minmay_the_grid_square_5x5_broken_cross,
          minmay_the_grid_square_5x5_misaligned,
          minmay_the_grid_square_5x5_empty, minmay_the_grid_square_5x5_inner_i],
          layout_basic, marbit_many_paths, serial_shops, shop
D:9:      layout_small_grid, slow_altar_2, nicolae_overflow_crystal_walls,
          lemuel_crystal_altar, enter_bailey_3, minivault_15
D:10:     layout_long_grid, kb_rosetta
D:11:     layout_big_octagon, lair_entry_dummy, serial_shops, shop,
          serial_column_ruins, column_ruins_pillar_6, column_ruins_pillar_2,
          column_ruins_pillar_6, column_ruins_pillar_2, column_ruins_pillar_9,
          column_ruins_pillar_2, column_ruins_pillar_6, column_ruins_pillar_4,
          column_ruins_pillar_9, column_ruins_pillar_1, uniq_snorg
D:12:     layout_roguey, erik_orc_1
Lair:1:   layout_big_grid, st_stairs_5
Lair:2:   layout_regular_city, guppyfry_snake_entry_island, roderic_carrion_pond
Lair:3:   layout_concentric_octagons
Snake:1:  layout_onion_interference, gammafunk_ghost_abyssal_escape,
          uniq_rupert, uniq_kirke
Snake:2:  layout_grid_shapes, grunt_megastairs_4, uniq_donald, uniq_vashnia,
          uniq_saint_roka
Orc:1:    layout_diamond_mine, basic_altar
Orc:2:    st_orc_town, layout_caves, serial_shops, shop, enter_volcano_3

Skill      XL: |  1  2  3  4  5  6  7  8  9 10 11 12 13 14 |
---------------+-------------------------------------------+-----
Earth Magic    | 4 5 6 7 8 |  8.0
Conjurations   | 1 2 1 |  1.7
Short Blades   | 3 4 3 6 8 9 |  9.4
Fighting       | 2 2 5 6 |  6.9
Dodging        | 3 4 |  4.5
Shields        | 1 4 5 7 6 |  7.0
Evocations     | 2 4 5 |  5.4
Stealth        | 0 |  0.0
Long Blades    | 5 9 13 | 13.6
Translocations | 3 6 7 |  7.3
Spellcasting   | 2 |  2.0
Transmutations | |  0.4

Action                   |  1- 3 |  4- 6 |  7- 9 | 10-12 | 13-15 || total
-------------------------+-------+-------+-------+-------+-------++-------
Melee: Unarmed           |    12 |       |       |       |       ||    12
       Short sword       |     3 |    49 |   195 |   457 |       ||   704
       Scimitar          |       |       |       |   337 |   383 ||   720
 Fire: Hand crossbow     |       |       |    71 |    84 |       ||   155
Throw: Stone             |     4 |     2 |       |       |       ||     6
       Dart              |       |     2 |       |    47 |       ||    49
       Throwing net      |       |       |     1 |       |       ||     1
       Boomerang         |       |       |       |     1 |       ||     1
 Cast: Sandblast         |    37 |    64 |    78 |    57 |    30 ||   266
       Stone Arrow       |       |     4 |    29 |    28 |    15 ||    76
       Passwall          |       |       |     1 |     3 |     2 ||     6
       Apportation       |       |       |       |    33 |    23 ||    56
       Passage of Golubr |       |       |       |     3 |    39 ||    42
       Blink             |       |       |       |       |     2 ||     2
Invok: Sacrifice Durabil |       |     1 |       |       |       ||     1
       Sacrifice Skill   |       |       |     1 |       |       ||     1
       Draw Out Power    |       |       |     3 |    11 |     9 ||    23
       Power Leap        |       |       |     3 |     4 |     1 ||     8
       Sacrifice Drink   |       |       |     1 |       |       ||     1
       Apocalypse        |       |       |       |     5 |     2 ||     7
       Sacrifice Stealth |       |       |       |     1 |       ||     1
       Sacrifice Experie |       |       |       |     1 |       ||     1
       Reject Sacrifices |       |       |       |     1 |       ||     1
Evoke: Wand              |       |       |    20 |     6 |       ||    26
       Box of beasts     |       |       |       |     5 |     3 ||     8
       Condenser vane    |       |       |       |     3 |     3 ||     6
       Phial of floods   |       |       |       |     1 |       ||     1
  Use: Potion            |       |     2 |     5 |     1 |       ||     8
       Scroll            |       |     7 |     8 |    17 |     8 ||    40
 Stab: Invisible         |       |     1 |     1 |     2 |     7 ||    11
       Sleeping          |       |     1 |     5 |     2 |       ||     8
       Held in net/web   |       |       |     2 |       |       ||     2
       Distracted        |       |       |       |     8 |     1 ||     9
       Paralysed         |       |       |       |     4 |     4 ||     8
       Confused          |       |       |       |     1 |       ||     1
Armor: Robe              |     2 |    18 |    56 |    76 |       ||   152
       Troll leather arm |       |       |       |    60 |    46 ||   106
Dodge: Dodged            |    16 |    85 |   165 |   389 |   110 ||   765
Block: Kite shield       |       |       |    69 |   349 |   115 ||   533
       Rpst.: Scimitar   |       |       |       |    33 |    22 ||    55

Table legend: (Time is in decaauts)
 A = Elapsed time spent in this place.
 B = Non-inter-level travel time spent in this place.
 C = Inter-level travel time spent in this place.
 D = Time resting spent in this place.
 E = Time spent auto-exploring this place.
 F = Levels seen in this place.
 G = Mean time per level.
                   A        B        C        D        E       F      G
               +--------+--------+--------+--------+--------+-----+--------+
         Total |  10070 |   9963 |    107 |      0 |      0 |  22 |  457.7 |
       Dungeon |   6979 |   6872 |    107 |      0 |      0 |  12 |  581.6 |
          Lair |    221 |    221 |      0 |      0 |      0 |   3 |   73.7 |
     Snake Pit |    356 |    356 |      0 |      0 |      0 |   2 |  178.0 |
  Orcish Mines |    841 |    841 |      0 |      0 |      0 |   2 |  420.5 |
         Sewer |    621 |    621 |      0 |      0 |      0 |   1 |  621.0 |
        Bailey |    830 |    830 |      0 |      0 |      0 |   1 |  830.0 |
       Volcano |    219 |    219 |      0 |      0 |      0 |   1 |  219.0 |
               +--------+--------+--------+--------+--------+-----+--------+

Top non-repeatable levels by time:
     D:8: 1275 daAuts
     D:9: 872 daAuts
  Bailey: 830 daAuts
    D:10: 685 daAuts
     D:7: 677 daAuts
   Orc:2: 653 daAuts
   Sewer: 621 daAuts
     D:3: 547 daAuts
     D:2: 543 daAuts
     D:6: 511 daAuts
     D:1: 501 daAuts
     D:4: 464 daAuts
    D:11: 367 daAuts
     D:5: 322 daAuts
 Snake:2: 266 daAuts
